 Dungeon Crawl Stone Soup version 0.31-a0-826-ga5cc291a1b (webtiles) character file.

Game seed: 13743943265730661887

73 qw the Shooter (level 4, 0/28 HPs)
             Began as a Gargoyle Hunter on Sept 23, 2023.
             Slain by Natasha (4 damage)
             ... on level 2 of the Dungeon.
             The game lasted 00:00:28 (1105 turns).

qw the Shooter (Gargoyle Hunter)                    Turns: 1105, Time: 00:00:29

Health: 0/28       AC:  6    Str: 14    XL:     4   Next: 27%
Magic:  4/4        EV: 11    Int: 10    God:
Gold:   62         SH:  0    Dex: 15    Spells: 3/3 levels left

rFire   . . .        Y - +1 shortbow
rCold   . . .        (shield currently unavailable)
rNeg    + . .        c - +0 leather armour
rPois   inf          (no helmet)
rElec   +            (no cloak)
rCorr   .            (no gloves)
SInv    .            (no boots)
Will    .....        (no amulet)
Stlth   ++           (no ring)
HPRegen 0.24/turn    (no ring)
MPRegen 0.09/turn

%: no passive effects
@: slowed, very slow
A: sickness immunity, AC +3, negative energy resistance 1, electricity
resistance, torment resistance 1, petrification resistance
a: no special abilities


You were on level 2 of the Dungeon.
You visited 1 branch of the dungeon, and saw 2 of its levels.

You collected 62 gold pieces.


Innate Abilities, Weirdness & Mutations

You are immune to sickness and miasma.
Your stone body is resilient. (AC +3)
You are immune to poison.
You resist negative energy. (rN+)
You are resistant to electric shocks. (rElec)
You are resistant to unholy torment.
You are immune to petrification.


   Skills:
 - Level 3.6 Fighting
 + Level 5.0 Ranged Weapons
 - Level 1.5 Dodging
 - Level 1.1 Stealth


You had 3 spell levels left.
You didn't know any spells.
Your spell library was empty.

Inventory:

Hand Weapons
 Y - a +1 shortbow (weapon)
Armour
 c - a +0 leather armour (worn)
Scrolls
 b - a scroll of fear {unknown}
 d - 2 scrolls of identify
Potions
 a - a potion of curing {unknown}
 e - a potion of mutation {unknown}
 i - a potion of might {unknown}

Dungeon Overview and Level Annotations

Branches:
Dungeon (2/15)

Altars:

Annotations:
D:2 Natasha


Message History

Natasha screams in fury as she dies!
Your Fighting skill increases to level 3!
You have reached level 4!
You feel clever.
You start resting.
HP restored.
You see here a +1 mace of distortion.
d - 2 scrolls of identify (gained 1)
Found an escape hatch in the ceiling.
Found a robe.
Found an escape hatch in the floor.
e - an emerald potion You now have 62 gold pieces (gained 10).
Natasha, Servant of Life and Death comes into view.
You shoot an arrow. The arrow closely misses Natasha.
Natasha hisses angrily.
You shoot an arrow. The arrow hits Natasha.
Natasha is moderately wounded.
Natasha mumbles some strange words.
Natasha glows brightly for a moment.
Natasha claws you.
You shoot an arrow. The arrow barely misses Natasha.
Natasha claws you.
You shoot an arrow. The arrow hits Natasha.
Natasha is heavily wounded.
Natasha completely misses you.
You shoot an arrow. The arrow closely misses Natasha.
Natasha stares at you and mumbles some strange words.
You feel yourself slow down.
You shoot an arrow. The arrow closely misses Natasha.
Natasha barely misses you. Natasha closely misses you.
You shoot an arrow. The arrow barely misses Natasha.
Natasha claws you but does no damage. Natasha claws you!
You shoot an arrow. The arrow completely misses Natasha.
Natasha casts a spell.
Natasha extends her claws.
Natasha claws you.
You shoot an arrow. The arrow barely misses Natasha.
The arrow closely misses the cerulean imp.
Natasha claws you! The cerulean imp barely misses you. Natasha claws you.
You die...
Natasha curls up and begins to purr.

#........##.#
##.....##.
#....<...##.#
###.###(.
#........##.#####
.. .#
########........#
... #
#........#.####.
###..>......#
#..........#
#.....##..##
#....@# ##
#....h# #....5#
#.?...# #......
#....## #...#
#...


You could see Natasha and a cerulean imp (summoned).

Vanquished Creatures
  Natasha (D:2)
  An adder (D:2)
  2 dart slugs (D:1)
  3 bats (D:1)
  2 endoplasms
  3 giant cockroaches
  5 goblins (D:1)
  A hobgoblin (D:1)
  3 jackals (D:1)
  A kobold (D:1)
  2 quokkas (D:1)
  4 ball pythons
  3 frilled lizards (D:1)
  2 rats
33 creatures vanquished.

Notes
Turn   | Place    | Note
-------+----------+-------------------------------------------
     0 | D:1      | qw the Gargoyle Hunter began the quest for the Orb.
     0 | D:1      | Reached XP level 1. HP: 12/12 MP: 1/1
     0 | D:1      | 0 ||| qw: Version: 0.3-a-83-gcd0e7d8
     0 | D:1      | 0 ||| qw: Game counter: 1903
     0 | D:1      | 0 ||| qw: Melee chars always use a shield: true
     0 | D:1      | 0 ||| qw: God list: Okawaru
     0 | D:1      | 0 ||| qw: Allow faded altars: false
     0 | D:1      | 0 ||| qw: Do Orc after clearing Dungeon:15 true
     0 | D:1      | 0 ||| qw: Do second Lair branch before Depths: true
     0 | D:1      | 0 ||| qw: Lair rune preference: random
     0 | D:1      | 0 ||| qw: Goals: Normal
     0 | D:1      | 0 ||| PLANNING D:1-11
    68 | D:1      | Reached XP level 2. HP: 17/17 MP: 2/2
   338 | D:1      | Reached XP level 3. HP: 21/21 MP: 3/3
   362 | D:1      | Reached skill level 5 in Ranged Weapons
   813 | D:1      | 813 ||| DROPPING ring of flight.
   814 | D:1      | 814 ||| READING scroll labelled PAURHO ENLUAQU.
   815 | D:1      | 815 ||| READING scroll labelled ORELLIR RYMNI.
   816 | D:1      | 816 ||| READING scroll labelled TYNOFF NUCZUAH.
   817 | D:1      | 817 ||| READING scroll labelled DOROACLUCIO.
   818 | D:1      | 818 ||| READING scroll labelled VOGEGAMIYRCH.
   819 | D:1      | 819 ||| DROPPING scroll of butterflies.
   855 | D:2      | Found a faded altar of an unknown god.
  1006 | D:2      | Noticed Natasha
  1011 | D:2      | Killed Natasha
  1012 | D:2      | Reached skill level 3 in Fighting
  1012 | D:2      | Reached XP level 4. HP: 14/28 MP: 4/4
  1096 | D:2      | Noticed Natasha
  1105 | D:2      | HP: 4/28 [Natasha (8)]
  1105 | D:2      | Slain by Natasha

Levels and vault maps discovered:
D:1:      mrwooster_arrival_statue, layout_basic
D:2:      layout_basic, nicolae_ecumenical_pavilion, serial_shops, shop,
          uniq_crazy_yiuf_cottage, uniq_natasha, uniq_terence, uniq_jessica

Skill      XL: |  1  2  3 |
---------------+----------+-----
Ranged Weapons | 5 |  5.0
Fighting       | 3 |  3.6
Dodging        | |  1.5
Stealth        | |  1.1

Action                     |  1- 3 |  4- 6 || total
---------------------------+-------+-------++-------
   Fire: Shortbow          |   110 |     9 ||   119
    Use: Scroll            |     5 |       ||     5
 Armour: Leather armour    |    32 |     7 ||    39
  Dodge: Dodged            |    36 |     4 ||    40

Table legend:
 A = Non-vault XP
 B = Vault XP
 C = Vault XP percentage of total XP
 D = Non-vault monster count
 E = Vault monster count
 F = Vault count percentage of total count
                 A         B        C        D         E       F
            +---------+---------+-------+---------+---------+-------
      Total |      70 |      35 |  33.3 |      32 |       1 |   3.0
            +---------+---------+-------+---------+---------+-------
        D:1 |      51 |       0 |   0.0 |      27 |       0 |   0.0
        D:2 |      19 |      35 |  64.8 |       5 |       1 |  16.7
            +---------+---------+-------+---------+---------+-------
